Description

Vibes beginner roach/hydralisk to max build

VOD

https://www.youtube.com/watch?v=EkSaNTad_dI

Build Order

Get SALT Encoding   

  13  0:01  Drone  
  13  0:15  Overlord  
  17  0:55  Hatchery  
  16  0:56  Drone  
  17  1:10  Spawning Pool  
  19  1:35  Extractor  
  19  1:37  Overlord  
  23  2:10  Queen x2  
  27  2:25  Spine Crawler  
  28  2:30  Overlord  
  30  2:50  Lair  
  36  3:15  Evolution Chamber  
  35  3:17  Roach Warren  
  40  3:30  Extractor x2  
  41  3:35  Evolution Chamber  
  42  3:50  Zerg Missile Weapons Level 1  
  44  4:00  Glial Reconstitution  
  48  4:30  Roach  make 15 roaches and attack
  63  4:55  Hatchery  
  96  6:00  Hydralisk Den, Primal Carapace Level 2, Zerg Missile Weapons Level 2  
  100  6:42  Grooved Spines  
  140  8:15  Hydralisk  
  140  8:20  Overseer  
Spawning Tool Build Advisor. Get it on Overwolf

Go to:

Details

  • Created by: Rocketman85
  • Published on: Aug 19, 2019
  • Modified on: Aug 19, 2019
  • Patch: 4.7.1
Show
View Real Time Build Order
Export as new Build Order

Comments (0)

There are no comments. Be the first!

Create an account to comment!